 Dungeon Crawl Stone Soup version 0.31-a0-986-g5e6e4ef867 (webtiles) character file.

Game seed: 8885850470882040380

2096 javelincjr the Changeling (level 9, -5/64 HPs)
             Began as a White Draconian Shapeshifter on Nov 8, 2023.
             Was a Priest of Sif Muna.
             Killed from afar by an orc wizard (13 damage)
             ... with a puff of flame
             ... on level 6 of the Dungeon.
             The game lasted 00:17:32 (5577 turns).

javelincjr the Changeling (DrSh)                    Turns: 5577, Time: 00:17:33

Health: -5/64      AC:  7    Str: 16    XL:     9   Next: 7%
Magic:  15/15      EV: 18    Int: 15    God:    Sif Muna [***...]
Gold:   468        SH:  0    Dex: 11    Spells: 10/17 levels left

rFire   . .          .
                       - Unarmed
rCold   + . .        (no shield)
rNeg    . . .        (body armour unavailable)
rPois   .            (helmet currently unavailable)
rElec   .            (cloak currently unavailable)
rCorr   .            (gloves currently unavailable)
SInv    .            (boots currently unavailable)
Will    .....        h - amulet of the acrobat
Stlth   +            j - ring of wizardry
HPRegen 0.30/turn    q - +5 ring of evasion
MPRegen 0.14/turn

%: acrobat, wizardry (x1)
@: lethally poisoned (-5 -> -19), short of breath, beast-form
A: beast (slay +4), breathe frost, AC +7, unfitting armour, cold resistance 1,
cold-blooded
a: Breathe Frost, Begin Untransformation, Renounce Religion, Channel Magic,
Forget Spell


You were on level 6 of the Dungeon.
You worshipped Sif Muna.
Sif Muna was most pleased with you.
You were a hulking beast.
You visited 1 branch of the dungeon, and saw 6 of its levels.

You collected 468 gold pieces.

Inventory:

Hand Weapons
 g - a +1 short sword of speed
Missiles
 f - 40 stones
 y - 2 atropa-tipped darts (quivered)
 z - 2 poisoned darts
Armour
 e - a +0 pair of gloves
 s - a +0 kite shield
Jewellery
 h - an amulet of the acrobat (around neck)
 j - a ring of wizardry (left hand)
 o - a ring of fire
 q - a +5 ring of evasion (right hand)
Talismans
 b - a beast talisman
 c - a flux talisman
Wands
 n - a wand of flame (14)
Scrolls
 d - a scroll of immolation
 i - a scroll of amnesia
 k - a scroll of poison
 m - a scroll of enchant weapon
 p - a scroll of fear
 r - a scroll of blinking
 x - 2 scrolls of vulnerability
 A - a scroll of enchant armour {unknown}
 B - a scroll of teleportation
Potions
 a - a potion of lignification
 l - a potion of curing {unknown}
 t - 3 potions of attraction
 u - 2 potions of might
 v - a potion of invisibility {unknown}
 w - a potion of mutation {unknown}


   Skills:
 - Level 1.2 Fighting
 + Level 5.1 Dodging
 - Level 3.0 Unarmed Combat
 + Level 4.5 Spellcasting
 + Level 5.7 Invocations
 * Level 7.5 Shapeshifting


You had 10 spell levels left.
You knew the following spells:

 Your Spells              Type           Power      Damage    Failure   Level
a - Call Canine Familiar  Summ           3%         N/A       21%         3
b - Animate Dead          Necr           3%         N/A       52%         4

Your spell library contained the following spells:

 Spells                   Type           Power      Damage    Failure   Level
 Apportation              Tloc           6%         N/A       7%          1
 Necrotise                Necr           12%        1d4       7%          1
 Summon Small Mammal      Summ           12%        N/A       7%          1
 Lesser Beckoning         Tloc           6%         N/A       11%         2
 Gell's Gravitas          Tloc           3%         N/A       21%         3
 Summon Guardian Golem    Hex/Summ       3%         N/A       21%         3
 Teleport Other           Tloc           3%         N/A       21%         3
 Haunt                    Necr/Summ      1%         N/A       100%        7
 Infestation              Necr           1%         N/A       100%        8


Dungeon Overview and Level Annotations

Branches:
Dungeon (6/15)             Temple (0/1) D:4

Altars:
Fedhas
Sif Muna
Xom
Zin

Annotations:
D:3 exclusion: oklob plant


Innate Abilities, Weirdness & Mutations

You are a hulking beast.
Your limbs bulge with bestial killing power. (Slay +4)
You can breathe waves of freezing cold which knock back foes.
Your icy white scales are hard. (AC +7)
You cannot fit into any form of body armour.
Your flesh is cold resistant. (rC+)
You are cold-blooded and may be slowed by cold attacks.


Message History

Sif Muna accepts your kill.
The freezing breath hits the orc.
The orc is heavily wounded.
The orc is knocked back by the freezing wind.
The orc wizard casts a spell.
The orc wizard flickers and vanishes!
Deactivating autopickup; reactivate with Ctrl-A.
You hit something.
An orc priest comes into view. It is wielding a +0 hand axe.
Something hits you but does no damage.
You are poisoned.
You closely miss something.
You feel sick.
You hear some strange, mumbled words.
Something tries to affect you, but you resist.
You punch something! You tail-slap something.
You feel sick. Something hits you.
You are more poisoned.
The orc priest invokes the aid of Beogh against you.
Beogh smites you!
You miss something.
You feel very sick. Something barely misses you.
You hit something.
You feel very sick. Something barely misses you.
You closely miss something.
Your tail-slap misses something.
You feel sick. Something hits you but does no damage.
You are lethally poisoned!
You miss something.
* * * LOW HITPOINT WARNING * * *
You feel very sick. Something hits you but does no damage.
You are more poisoned.
You closely miss something. Your punch misses something.
* * * LOW HITPOINT WARNING * * *
You feel very sick.
You hear some strange, mumbled words.
A puff of flame appears from out of thin air!
The puff of flame hits you!
You die...

#######
##.....l.
#.8#####
#h##...##
#{#.8.8.#
#o'..<..#
#.#.8.8.#
#.##...##
#.8#####
##.. ###


You could see an orc.

Vanquished Creatures
  The ghost of Dittersdorf the Trooper, an amateur HuFi (D:4)
  Prince Ribbit (D:5)
  A wyvern (D:4)
  A water moccasin (D:5)
  Duvessa (D:5)
  An ice beast (D:5)
  2 black bears
  An ogre (D:4)
  Blork the orc (D:5)
  5 scorpions (D:5)
  Dowan (D:5)
  2 orc priests
  A water moccasin simulacrum (D:4)
  Natasha (thrice) (D:3)
  A sleepcap (D:5)
  3 iguanas
  4 orc wizards (D:5)
  12 adders
  3 hound simulacra (D:4)
  A white imp (D:4)
  A worm (D:4)
  3 dart slugs
  3 adder simulacra (D:4)
  9 orcs
  8 bats
  6 endoplasms
  4 giant cockroaches
  7 hobgoblins
  6 jackals
  8 kobolds
  5 quokkas
  7 ball pythons
  A frilled lizard (D:3)
  6 goblins
  4 rats (D:2)
124 creatures vanquished.

Notes
Turn   | Place    | Note
-------+----------+-------------------------------------------
     0 | D:1      | javelincjr the Draconian Shapeshifter began the quest for
                  | the Orb.
     0 | D:1      | Reached XP level 1. HP: 16/16 MP: 1/1
    62 | D:1      | Found a faded altar of an unknown god.
    88 | D:1      | Prayed at the altar of an unknown god.
    88 | D:1      | Became a worshipper of Sif Muna the Loreminder
    88 | D:1      | Reached * piety under Sif Muna
   115 | D:1      | Reached XP level 2. HP: 20/23 MP: 2/2
   424 | D:1      | Reached skill level 1 in Invocations
   511 | D:1      | Reached XP level 3. HP: 28/28 MP: 4/4
   534 | D:2      | Reached ** piety under Sif Muna
   757 | D:2      | Found a shimmering altar of Xom.
   778 | D:2      | Reached skill level 1 in Spellcasting
   956 | D:2      | Reached XP level 4. HP: 24/35 MP: 5/5
  1262 | D:3      | Identified the +7 scale mail of the Eternal Void {Stlth+}
  1374 | D:3      | Noticed Natasha
  1380 | D:3      | Killed Natasha
  1450 | D:3      | Found a glowing silver altar of Zin.
  1666 | D:3      | Reached skill level 4 in Shapeshifting
  1686 | D:3      | Reached XP level 5. HP: 28/40 MP: 7/7
  1865 | D:3      | Noticed Natasha
  1873 | D:3      | Killed Natasha
  2102 | D:3      | Found a blossoming altar of Fedhas.
  2122 | D:3      | Noticed an oklob plant
  2169 | D:3      | Noticed Natasha
  2177 | D:3      | Killed Natasha
  2427 | D:4      | Found a runed translucent gate.
  2427 | D:4      | Found a runed translucent gate.
  2427 | D:4      | Found a runed translucent gate.
  2567 | D:4      | Noticed a wyvern
  2578 | D:4      | Killed a wyvern
  2579 | D:4      | Reached XP level 6. HP: 47/47 MP: 9/9
  2583 | D:4      | Reached *** piety under Sif Muna
  2616 | D:4      | Found a staircase to the Ecumenical Temple.
  3019 | D:4      | Reached skill level 5 in Shapeshifting
  3064 | D:4      | Noticed Dittersdorf's ghost (amateur HuFi)
  3437 | D:4      | Found a shimmering altar of Xom.
  3540 | D:4      | Your scales start taking on an icy white colour.
  3540 | D:4      | Reached XP level 7. HP: 52/52 MP: 9/11
  3540 | D:4      | Gained mutation: Your flesh is cold resistant. (rC+) [White
                  | Draconian growth]
  3672 | D:4      | Killed Dittersdorf's ghost
  3878 | D:5      | Entered Level 5 of the Dungeon
  3884 | D:5      | Noticed Blork the orc
  3901 | D:5      | Killed Blork the orc
  3965 | D:5      | Reached skill level 6 in Shapeshifting
  4108 | D:5      | Reached XP level 8. HP: 47/59 MP: 13/13
  4404 | D:5      | Noticed Dowan
  4405 | D:5      | Noticed Duvessa
  4417 | D:5      | Killed Dowan
  4432 | D:5      | Killed Duvessa
  4693 | D:5      | Reached skill level 5 in Invocations
  5026 | D:5      | Reached skill level 7 in Shapeshifting
  5178 | D:5      | Noticed Prince Ribbit
  5192 | D:5      | Killed Prince Ribbit
  5193 | D:5      | Reached skill level 5 in Dodging
  5455 | D:5      | Reached XP level 9. HP: 64/64 MP: 15/15
  5459 | D:5      | Learned a level 3 spell: Call Canine Familiar
  5464 | D:5      | Learned a level 4 spell: Animate Dead
  5577 | D:6      | Killed from afar by an orc wizard

Illustrated notes

Levels and vault maps discovered:
D:1:      mrwooster_arrival_statue, layout_basic, serial_glass, glass_columns_a,
          glass_columns_c, hellmonk_ecumenical_altar_blasted,
          minmay_pentomino_t2
D:2:      layout_basic, basic_altar, grunt_ministairs_8
D:3:      layout_basic, tgw_fedhas, mainiacjoe_overflow_alcove_4, serial_glass,
          glass_columns_c, glass_columns_a, uniq_natasha
D:4:      minmay_wonky_spiral, layout_basic, nicolae_overflow_hidden_temple,
          temple_hall, gammafunk_ghost_icy
D:5:      layout_loops_ring, uniq_duvessa, uniq_blork_the_orc,
          uniq_prince_ribbit1
D:6:      layout_basic, portal_sewer_entry_b, grunt_ministairs_11,
          minmay_unpleasant_kobolds

Skill      XL: |  1  2  3  4  5  6  7  8 |
---------------+-------------------------+-----
Dodging        | 2 3 4 5 |  5.1
Invocations    | 1 2 3 4 5 |  5.7
Spellcasting   | 1 2 3 4 |  4.5
Shapeshifting  | 4 5 6 7 |  7.5
Fighting       | |  1.2
Unarmed Combat | |  3.0

Action                     |  1- 3 |  4- 6 |  7- 9 || total
---------------------------+-------+-------+-------++-------
  Melee: Unarmed           |   110 |   167 |   210 ||   487
         Tailslap          |     8 |    22 |    40 ||    70
         Punch             |     4 |     4 |     6 ||    14
  Throw: Dart              |       |       |     5 ||     5
   Cast: Call Canine Famil |       |       |     1 ||     1
Ability: Breathe Frost     |       |       |     6 ||     6
  Evoke: Wand              |       |       |     1 ||     1
    Use: Potion            |       |     2 |     2 ||     4
         Scroll            |       |    11 |       ||    11
   Stab: Sleeping          |       |     1 |       ||     1
 Armour: Skin              |    47 |    58 |   126 ||   231
  Dodge: Dodged            |    75 |   120 |   156 ||   351

Table legend: (Time is in decaauts)
 A = Elapsed time spent in this place.
 B = Non-inter-level travel time spent in this place.
 C = Inter-level travel time spent in this place.
 D = Time resting spent in this place.
 E = Time spent auto-exploring this place.
 F = Levels seen in this place.
 G = Mean time per level.
                   A        B        C        D        E       F      G
               +--------+--------+--------+--------+--------+-----+--------+
         Total |   5596 |   5459 |    137 |    435 |   4031 |   6 |  932.7 |
       Dungeon |   5596 |   5459 |    137 |    435 |   4031 |   6 |  932.7 |
               +--------+--------+--------+--------+--------+-----+--------+

Top non-repeatable levels by time:
     D:5: 1643 daAuts
     D:4: 1455 daAuts
     D:3: 1247 daAuts
     D:2: 676 daAuts
     D:1: 527 daAuts
     D:6: 45 daAuts
